 Dungeon Sprint DCSS version 0.17-a0-1-g1f4be75 (webtiles) character file.

390 Medar the Spear-Bearer (level 6, -28/61 HPs)
             Began as a Naga Berserker on Mar 12, 2015.
             Was a Believer of Trog.
             Annihilated by a boulder beetle (42 damage)
             ... in the Dungeon (Sprint II: "The Violet Keep of Menkaure").
             The game lasted 00:02:02 (263 turns).

Medar the Spear-Bearer (Naga Berserker)              Turns: 263, Time: 00:02:02

Health: -28/61     AC:  3    Str: 21      XL:     6   Next: 80%
Magic:  6/6        EV: 10    Int:  7 (8)  God:    Trog [**....]
Gold:   486        SH:  0    Dex: 10      Spells: 0 memorised, 5 levels left

rFire  . . .     SeeInvis +     a - +0 spear (curse)
rCold  . . .     Clarity  .     b - +0 animal skin
rNeg   . . .     SustAb   .     (no shield)
rPois  +         Gourm    .     (no helmet)
rElec  .         Spirit   .     (no cloak)
rCorr  .         Warding  .     (no gloves)
rMut   .         NoTele   +     (no barding)
MR     .....                    (no amulet)
Stlth  +.........               (no ring)
                                (no ring)

@: exhausted, slowed, very slow, not resistant to hostile enchantments, very
unstealthy
A: spit poison, see invisible, deformed body, poison resistance, slowness 2, AC
+2
a: Spit Poison, Burn Spellbooks, Berserk, Trog's Hand, Renounce Religion


You were in the Dungeon.
You worshipped Trog.
Trog was pleased with you.
You were not hungry.

You visited 1 branch You collected 486 gold pieces.

Inventory:

Hand weapons
 a - a cursed +0 spear (weapon)
Armour
 b - a +0 animal skin (worn)
Scrolls
 i - a scroll of blinking
Potions
 d - a potion of curing {@q1}
 g - 2 potions of magic
 h - a potion of berserk rage {!q}
Comestibles
 c - a bread ration


   Skills:
 + Level 5.0 Fighting
 + Level 12.3 Polearms
 + Level 3.5 Armour
 + Level 3.6 Dodging


You had 5 spell levels left.
You didn't know any spells.

Dungeon Overview and Level Annotations

Branches:
Dungeon (1/1)

Altars:

Shops:
D *%![::?


Innate Abilities, Weirdness & Mutations

You cannot wear boots.
You can spit poison.
Your serpentine skin is tough (AC +2).
You have supernaturally acute eyesight.
Armour fits poorly on your strangely shaped body.
Your system is resistant to poisons.
You cover ground very slowly.


Message History

You close the door.
A siren opens the door.
The boulder beetle bites you.
* * * LOW HITPOINT WARNING * * *
The siren chants a haunting song.
You easily resist.
The orange crystal statue is engulfed in mutagenic fog.
The siren hits you from afar with a spear.
* * * LOW HITPOINT WARNING * * *
The orange crystal statue is engulfed in mutagenic fog.
Drink which item? (? for menu, Esc to quit)
Really quaff
h - a potion of berserk rage {!q}?
Drink which item? (? for menu, Esc to quit)
You can't drink that!
Read which item? (? for menu, Esc to quit)
You feel a strange sense of stasis.
You hit the boulder beetle.
The boulder beetle is lightly wounded.
The siren chants a haunting song.
You resist with almost no effort. The boulder beetle bites you!!!
Ouch! That really hurt!
You die...

§≈§ §§§§≈§≈ ≈§≈≈§8≈
#§§§§§§ #§§§§≈
#'§§#++ .m.. ##'## .
##.@B## ..∩ #..##†#
.∩.∩ ######§## #
∩.∩.# ##.###§## .##
∩.∩..#m#...##.##...#
.⌠...'≈'.#.§.<.'#
...§§#≈#...##.##$..#
▓▓### ##.###'# .##
#### ### .#. #


You could see a boulder beetle, an orange crystal statue and a siren.

Vanquished Creatures
  Menkaure (D)
  4 brain worms (D)
  A worm (D)
6 creatures vanquished.

Notes
Turn   | Place    | Note
--------------------------------------------------------------
     0 | D        | Medar, the Naga Berserker, began the quest for the Orb.
     0 | D        | Reached XP level 1. HP: 21/21 MP: 1/1
     1 | D        | Noticed a brain worm
    10 | D        | Killed a brain worm
    10 | D        | Reached skill level 8 in Polearms
    10 | D        | Reached XP level 2. HP: 8/28 MP: 2/2
    10 | D        | Reached XP level 3. HP: 9/34 MP: 3/3
    10 | D        | Reached XP level 4. HP: 11/42 MP: 4/4
    16 | D        | Noticed a brain worm
    24 | D        | Killed a brain worm
    24 | D        | Reached skill level 10 in Polearms
    24 | D        | Reached XP level 5. HP: 25/49 MP: 5/5
    35 | D        | Noticed a boulder beetle
    35 | D        | Noticed a boulder beetle
    39 | D        | Noticed a siren
    57 | D        | Acquired Trog's second power
    58 | D        | Noticed a brain worm
    63 | D        | Killed a brain worm
    63 | D        | Reached skill level 11 in Polearms
    64 | D        | Noticed a brain worm
    72 | D        | Killed a brain worm
    72 | D        | Reached skill level 12 in Polearms
    72 | D        | Reached XP level 6. HP: 28/57 MP: 6/6
   235 | D        | Found Throucaa's Antique Armour Shop.
   235 | D        | Found Ydeos' General Store.
   235 | D        | Found Kinom's Book Shop.
   235 | D        | Found Cusauv's Food Boutique.
   235 | D        | Found Skueni's Magic Scroll Shop.
   235 | D        | Found Fruapig's Distillery.
   235 | D        | Found Ixotwaimn's Book Boutique.
   240 | D        | Noticed Menkaure
   245 | D        | Killed Menkaure
   245 | D        | Reached skill level 5 in Fighting
   261 | D        | Noticed an orange crystal statue
   263 | D        | Annihilated by a boulder beetle

Action                   |  1- 3 |  4- 6 || total
-------------------------+-------+-------++-------
Melee: Spear             |     8 |    34 ||    42
Invok: Berserk           |     1 |     1 ||     2
  Use: Potion            |       |     2 ||     2
